XFBL
CINCINNATI REDS @ ATLANTA BRAVES
07/02/1982
 
TOP OF THE 1ST
Cincinnati Reds batting - Pitching for Atlanta Braves : RHP Gary Carter
Pitching: RHP Gary Carter
Batting: RHB Gary Matthews 0-0: Called Strike
0-1: Foul Ball, location: 2F
0-2: Ball
1-2: Foul Ball, location: 2F
1-2: DOUBLE (Line Drive, 78XD, EV 106.3 MPH)
Batting: LHB Joseph Talley 0-0: Ball
1-0: Ball
2-0: Foul Ball, location: 2F
2-1: Ball
3-1: Foul Ball, location: 2F
3-2: Foul Ball, location: 2F
3-2: Base on Balls
Batting: LHB Mike Easler 0-0: Swinging Strike
0-1: Ball
1-1: Ball
2-1: Ball
3-1: Base on Balls
Gary Matthews to third
Joseph Talley to second
Batting: RHB Bill Melton 0-0: Foul Ball, location: 2F
0-1: SINGLE (Flyball, 34D, EV 90.6 MPH)
Gary Matthews scores
Joseph Talley to third
Mike Easler to second
Batting: LHB Darrell Evans 0-0: Foul Ball, location: 2F
0-1: Ball
Wild Pitch!
Joseph Talley scores
Mike Easler to third
Bill Melton to second
1-1: Ball
2-1: Foul Ball, location: 2F
2-2: Ground out U3 (Groundball, 23, EV 84.4 MPH)
Mike Easler scores
Bill Melton to third
Batting: RHB John Malkin 0-0: Ball
1-0: Swinging Strike
1-1: Foul Ball, location: 2F
Balk!
Bill Melton scores
1-2: SINGLE (Groundball, 56D, EV 95.0 MPH)
Batting: RHB Jim Anderson 0-0: Ball
1-0: Ball
2-0: Ball
3-0: Base on Balls
John Malkin to second
Batting: RHB Jesus Alfaro 0-0: Swinging Strike
0-1: Grounds into double play, 4-6-3 (Groundball, 4, EV 105.0 MPH)
Top of the 1st over - 4 runs, 3 hits, 0 errors, 1 left on base; Cincinnati 4 - Atlanta 0
BOTTOM OF THE 1ST
Atlanta Braves batting - Pitching for Cincinnati Reds : RHP Steve Brown
Pitching: RHP Steve Brown
Batting: SHB Tony Fernandez 0-0: Called Strike
0-1: Foul Ball, location: 2F
0-2: Ball
1-2: Ball
2-2: Foul Ball, location: 2F
2-2: Ground out 5-3 (Groundball, 56S, EV 78.8 MPH)
Batting: LHB Mike Hargrove 0-0: Swinging Strike
0-1: Called Strike
0-2: Ball
1-2: Fly out, F8 (Flyball, 8LM, EV 88.1 MPH)
Batting: LHB Leon Durham 0-0: Ball
1-0: Called Strike
1-1: Foul Ball, location: 2F
1-2: Ground out 1-3 (Groundball, 13S, EV 65.6 MPH)
Bottom of the 1st over - 0 runs, 0 hits, 0 errors, 0 left on base; Cincinnati 4 - Atlanta 0
TOP OF THE 2ND
Cincinnati Reds batting - Pitching for Atlanta Braves : RHP Gary Carter
Batting: LHB Steve Brown 0-0: Ball
1-0: Ground out 6-3 (Groundball, 6, EV 104.4 MPH)
Batting: RHB Gary Matthews 0-0: Ball
1-0: Foul Ball, location: 2F
1-1: Ground out 5-3 (Groundball, 56, EV 105.0 MPH)
Batting: LHB Joseph Talley 0-0: Ball
1-0: DOUBLE (Groundball, 3L, EV 105.6 MPH)
Batting: LHB Mike Easler 0-0: Fly out, F9 (Flyball, 89D, EV 82.5 MPH)
Top of the 2nd over - 0 runs, 1 hit, 0 errors, 1 left on base; Cincinnati 4 - Atlanta 0
BOTTOM OF THE 2ND
Atlanta Braves batting - Pitching for Cincinnati Reds : RHP Steve Brown
Batting: LHB Karl Pagel 0-0: Ball
1-0: Called Strike
1-1: Ball
2-1: Called Strike
2-2: Foul Ball, location: 2F
2-2: Ball
3-2: Strikes out swinging
Batting: LHB Mike Scioscia 0-0: Called Strike
0-1: Ball
1-1: SINGLE (Groundball, 5S, EV 71.9 MPH) (infield hit)
Batting: RHB Craig Kusick 0-0: Ball
1-0: Called Strike
1-1: Called Strike
1-2: Strikes out swinging
Batting: LHB Joe L Morgan 0-0: Ball
1-0: Ball
2-0: Foul Ball, location: 2F
2-1: Ball
3-1: Foul Ball, location: 2F
3-2: Foul Ball, location: 2F
3-2: SINGLE (Line Drive, 8RS, EV 90.6 MPH)
Mike Scioscia to second
Mike Scioscia to third
Batting: RHB Tom Veryzer 0-0: Called Strike
0-1: Foul Ball, location: 2F
0-2: Ball
1-2: Ball
2-2: Ball
3-2: Strikes out looking
Bottom of the 2nd over - 0 runs, 2 hits, 0 errors, 2 left on base; Cincinnati 4 - Atlanta 0
TOP OF THE 3RD
Cincinnati Reds batting - Pitching for Atlanta Braves : RHP Gary Carter
Batting: RHB Bill Melton 0-0: Ball
1-0: Called Strike
1-1: Foul Ball, location: 2F
1-2: Ground out 6-3 (Groundball, 56, EV 82.5 MPH)
Batting: LHB Darrell Evans 0-0: Swinging Strike
0-1: Called Strike
0-2: Strikes out swinging
Batting: RHB John Malkin 0-0: Ball
1-0: Ball
2-0: Ball
3-0: Base on Balls
Batting: RHB Jim Anderson 0-0: Ball
1-0: Called Strike
1-1: Ball
2-1: Ground out U3 (Groundball, 34, EV 86.9 MPH)
Top of the 3rd over - 0 runs, 0 hits, 0 errors, 1 left on base; Cincinnati 4 - Atlanta 0
BOTTOM OF THE 3RD
Atlanta Braves batting - Pitching for Cincinnati Reds : RHP Steve Brown
Batting: LHB Gary Carter 0-0: Ball
1-0: Foul Ball, location: 2F
1-1: Called Strike
1-2: Ball
2-2: Strikes out swinging
Batting: SHB Tony Fernandez 0-0: Ball
1-0: Ball
2-0: Ball
3-0: Base on Balls
Batting: LHB Mike Hargrove 0-0: Called Strike
0-1: Swinging Strike
0-2: Ball
Tony Fernandez steals 2nd base (no throw)
1-2: Ball
2-2: Foul Ball, location: 2F
2-2: SINGLE (Line Drive, 8RS, EV 106.9 MPH)
Tony Fernandez to third
Runner from 3rd tries for Home, throw by CF and OUT! 8-2
Mike Hargrove to second
Batting: LHB Leon Durham 0-0: Called Strike
0-1: Ball
1-1: Ball
2-1: Ball
3-1: Called Strike
3-2: Fly out, F7 (Flyball, 7, EV 92.5 MPH)
Bottom of the 3rd over - 0 runs, 1 hit, 0 errors, 1 left on base; Cincinnati 4 - Atlanta 0
TOP OF THE 4TH
Cincinnati Reds batting - Pitching for Atlanta Braves : RHP Gary Carter
Batting: RHB Jesus Alfaro 0-0: Ball
1-0: DOUBLE (Line Drive, 3D, EV 102.5 MPH)
Batting: LHB Steve Brown 0-0: Ball
1-0: Bunted foul
1-1: Sac Bunt to 13S - play at first, batter OUT! 1-4
Jesus Alfaro to third
Batting: RHB Gary Matthews 0-0: Fly out, F5 (Line Drive, 5, EV 69.4 MPH)
Batting: LHB Joseph Talley 0-0: Fly out, F8 (Flyball, 78D, EV 102.5 MPH)
Top of the 4th over - 0 runs, 1 hit, 0 errors, 1 left on base; Cincinnati 4 - Atlanta 0
BOTTOM OF THE 4TH
Atlanta Braves batting - Pitching for Cincinnati Reds : RHP Steve Brown
Batting: LHB Karl Pagel 0-0: Ball
1-0: Foul Ball, location: 2F
1-1: Foul Ball, location: 2F
1-2: Ball
2-2: Foul Ball, location: 2F
2-2: Ball
3-2: Ground out 5-3 (Groundball, 15, EV 92.5 MPH)
Batting: LHB Mike Scioscia 0-0: Ball
1-0: SINGLE (Groundball, 56D, EV 106.9 MPH)
Batting: RHB Craig Kusick 0-0: Ball
1-0: Foul Ball, location: 2F
1-1: Foul Ball, location: 2F
1-2: Strikes out swinging
Batting: LHB Joe L Morgan 0-0: Foul Ball, location: 2F
0-1: Ball
1-1: Foul Ball, location: 2F
1-2: Foul Ball, location: 2F
1-2: 2-RUN HOME RUN (Flyball, 89XD, EV 104.4 MPH), Distance : 406 ft
Batting: RHB Tom Veryzer 0-0: Called Strike
0-1: Swinging Strike
0-2: Ball
1-2: Ball
2-2: Ball
3-2: Strikes out swinging
Bottom of the 4th over - 2 runs, 2 hits, 0 errors, 0 left on base; Cincinnati 4 - Atlanta 2
TOP OF THE 5TH
Cincinnati Reds batting - Pitching for Atlanta Braves : RHP Gary Carter
Batting: LHB Mike Easler 0-0: Fly out, F7 (Flyball, 7, EV 90.0 MPH)
Batting: RHB Bill Melton 0-0: Reached on error, E6 (Groundball, 6, EV 101.9 MPH)
Batting: LHB Darrell Evans 0-0: Intentional Walk
Batting: RHB John Malkin 0-0: Ball
1-0: Ball
2-0: Swinging Strike
2-1: Ball
3-1: Base on Balls
Bill Melton to third
Darrell Evans to second
Batting: RHB Jim Anderson 0-0: Foul Ball, location: 2F
0-1: Foul Ball, location: 2F
0-2: Fly out, F5 (Popup, 56S, EV 82.5 MPH)
Batting: RHB Jesus Alfaro 0-0: Foul Ball, location: 2F
0-1: Ball
1-1: Foul Ball, location: 2F
1-2: DOUBLE (Line Drive, 8RXD, EV 108.8 MPH)
Bill Melton scores
Darrell Evans scores
John Malkin to third
Runner from 3rd tries for Home, SAFE, no throw by CF
Batting: LHB Steve Brown 0-0: Called Strike
0-1: DOUBLE (Line Drive, 89M, EV 102.5 MPH)
Jesus Alfaro scores
Pitching: RHP Migel Puente
Batting: RHB Gary Matthews 0-0: Ball
1-0: Called Strike
1-1: Ball
2-1: Fly out, F7 (Line Drive, 7D, EV 91.3 MPH)
Top of the 5th over - 4 runs, 2 hits, 1 error, 1 left on base; Cincinnati 8 - Atlanta 2
BOTTOM OF THE 5TH
Atlanta Braves batting - Pitching for Cincinnati Reds : RHP Steve Brown
Batting: RHB Migel Puente 0-0: Called Strike
0-1: Foul Ball, location: 2F
0-2: Ball
1-2: Foul Ball, location: 2F
1-2: Strikes out swinging
Batting: SHB Tony Fernandez 0-0: Hit by Pitch
Batting: LHB Mike Hargrove 0-0: Ball
1-0: Called Strike
1-1: Foul Ball, location: 2F
1-2: Ball
2-2: Fielders Choice at 2nd, 1-6 (Groundball, 13S, EV 69.4 MPH)
Batting: LHB Leon Durham 0-0: Ball
1-0: Ball
2-0: Called Strike
2-1: Called Strike
2-2: Ball
3-2: Ground out 6-3 (Groundball, 6, EV 108.1 MPH)
Bottom of the 5th over - 0 runs, 0 hits, 0 errors, 1 left on base; Cincinnati 8 - Atlanta 2
TOP OF THE 6TH
Cincinnati Reds batting - Pitching for Atlanta Braves : RHP Migel Puente
Batting: LHB Joseph Talley 0-0: Ball
1-0: Called Strike
1-1: Swinging Strike
1-2: Foul Ball, location: 2F
1-2: Strikes out looking
Batting: LHB Mike Easler 0-0: Ball
1-0: Foul Ball, location: 2F
1-1: Ground out 4-3 (Groundball, 34, EV 98.8 MPH)
Batting: RHB Bill Melton 0-0: Foul Ball, location: 2F
0-1: Ball
1-1: Foul Ball, location: 2F
1-2: Foul Ball, location: 2F
1-2: Fly out, F8 (Flyball, 8RM, EV 89.4 MPH)
Top of the 6th over - 0 runs, 0 hits, 0 errors, 0 left on base; Cincinnati 8 - Atlanta 2
BOTTOM OF THE 6TH
Atlanta Braves batting - Pitching for Cincinnati Reds : RHP Steve Brown
Batting: LHB Karl Pagel 0-0: Called Strike
0-1: Ball
1-1: Foul Ball, location: 2F
1-2: Strikes out looking
Batting: LHB Mike Scioscia 0-0: Ball
1-0: Ball
2-0: SINGLE (Groundball, 6D, EV 102.5 MPH)
Batting: RHB Craig Kusick 0-0: Called Strike
0-1: Foul Ball, location: 2F
0-2: Ball
1-2: Foul Ball, location: 2F
1-2: Foul Ball, location: 2F
1-2: Grounds into double play, 4-6-3 (Groundball, 4, EV 80.0 MPH)
Bottom of the 6th over - 0 runs, 1 hit, 0 errors, 0 left on base; Cincinnati 8 - Atlanta 2
TOP OF THE 7TH
Cincinnati Reds batting - Pitching for Atlanta Braves : RHP Migel Puente
Batting: LHB Darrell Evans 0-0: Ball
1-0: Swinging Strike
1-1: Foul Ball, location: 2F
1-2: Ball
2-2: Foul Ball, location: 2F
2-2: Ball
3-2: Foul Ball, location: 2F
3-2: Fly out, F9 (Flyball, 9, EV 86.9 MPH)
Batting: RHB John Malkin 0-0: Foul Ball, location: 2F
0-1: Ground out 6-3 (Groundball, 6S, EV 82.5 MPH)
Batting: RHB Jim Anderson 0-0: Ball
1-0: Swinging Strike
1-1: Ball
2-1: Swinging Strike
2-2: Strikes out looking
Top of the 7th over - 0 runs, 0 hits, 0 errors, 0 left on base; Cincinnati 8 - Atlanta 2
BOTTOM OF THE 7TH
Atlanta Braves batting - Pitching for Cincinnati Reds : RHP Steve Brown
Batting: LHB Joe L Morgan 0-0: Ball
1-0: Called Strike
1-1: Swinging Strike
1-2: Ball
2-2: Foul Ball, location: 2F
2-2: Ball
3-2: Ground out 4-3 (Groundball, 4, EV 83.8 MPH)
Batting: RHB Tom Veryzer 0-0: Swinging Strike
0-1: Fly out, F4 (Popup, 3DF, EV 69.4 MPH)
Pinch Hitting: SHB UL Washington 0-0: Ball
1-0: Foul Ball, location: 2F
1-1: Ball
2-1: Ball
3-1: Ground out 4-3 (Groundball, 4, EV 82.5 MPH)
Bottom of the 7th over - 0 runs, 0 hits, 0 errors, 0 left on base; Cincinnati 8 - Atlanta 2
TOP OF THE 8TH
Cincinnati Reds batting - Pitching for Atlanta Braves : RHP Migel Puente
Pitching: RHP Tom Griffin
Batting: RHB Jesus Alfaro 0-0: Called Strike
0-1: Foul Ball, location: 2F
0-2: Ball
1-2: Foul Ball, location: 2F
1-2: Strikes out looking
Batting: LHB Steve Brown 0-0: Ball
1-0: SINGLE (Groundball, 4MD, EV 95.6 MPH)
Batting: RHB Gary Matthews 0-0: Grounds into double play, 5-4-3 (Groundball, 56, EV 88.1 MPH)
Top of the 8th over - 0 runs, 1 hit, 0 errors, 0 left on base; Cincinnati 8 - Atlanta 2
BOTTOM OF THE 8TH
Atlanta Braves batting - Pitching for Cincinnati Reds : RHP Steve Brown
Batting: SHB Tony Fernandez 0-0: Ball
1-0: DOUBLE (Line Drive, 7LM, EV 103.1 MPH)
Batting: LHB Mike Hargrove 0-0: Ball
1-0: Swinging Strike
1-1: Ball
2-1: DOUBLE (Line Drive, 89D, EV 101.9 MPH)
Tony Fernandez scores
Pitching: RHP Jay Dillard
Batting: LHB Leon Durham 0-0: Fly out, F6 (Popup, 4MD, EV 70.0 MPH)
Batting: LHB Karl Pagel 0-0: Ball
1-0: Called Strike
1-1: Ball
2-1: Swinging Strike
2-2: Strikes out looking
Batting: LHB Mike Scioscia 0-0: Ball
1-0: Called Strike
1-1: Ball
2-1: Fly out, F9 (Flyball, 9LM, EV 91.9 MPH)
Bottom of the 8th over - 1 run, 2 hits, 0 errors, 1 left on base; Cincinnati 8 - Atlanta 3
TOP OF THE 9TH
Cincinnati Reds batting - Pitching for Atlanta Braves : RHP Tom Griffin
Batting: LHB Joseph Talley 0-0: Called Strike
0-1: Foul Ball, location: 2F
0-2: Ball
1-2: Foul Ball, location: 2F
1-2: Ball
2-2: Ball
3-2: Foul Ball, location: 2F
3-2: Foul Ball, location: 2F
3-2: SOLO HOME RUN (Flyball, 9LD, EV 105.6 MPH), Distance : 366 ft
Batting: LHB Mike Easler 0-0: SINGLE (Groundball, 6MS, EV 69.4 MPH) (infield hit)
Batting: RHB Bill Melton 0-0: Ball
1-0: Ball
2-0: Fly out, F8 (Line Drive, 8RD, EV 96.9 MPH)
Batting: LHB Darrell Evans 0-0: Called Strike
0-1: Foul Ball, location: 2F
0-2: Fly out, F6 (Flyball, 56D, EV 90.6 MPH)
Batting: RHB John Malkin 0-0: Swinging Strike
0-1: Foul Ball, location: 2F
0-2: Strikes out looking
Top of the 9th over - 1 run, 2 hits, 0 errors, 1 left on base; Cincinnati 9 - Atlanta 3
BOTTOM OF THE 9TH
Atlanta Braves batting - Pitching for Cincinnati Reds : RHP Jay Dillard
Batting: RHB Craig Kusick 0-0: Foul Ball, location: 2F
0-1: Ball
1-1: Foul Ball, location: 2F
1-2: Strikes out swinging
Batting: LHB Joe L Morgan 0-0: Ball
1-0: Foul Ball, location: 2F
1-1: Ground out 5-3 (Groundball, 5, EV 82.5 MPH)
Batting: RHB Tom Veryzer 0-0: Fly out, F3 (Popup, 3S, EV 77.5 MPH)
Bottom of the 9th over - 0 runs, 0 hits, 0 errors, 0 left on base; Cincinnati 9 - Atlanta 3
Wednesday, August 12th, 2020 - OOTP Baseball 21.5 Build 76